 Dungeon Crawl Stone Soup version 0.28-a0-863-g8cecda6153 (webtiles) character file.

Game seed: 10367613006878592670

1837 Gargoyl the Skirmisher (level 9, -4/73 HPs)
             Began as a Gnoll Abyssal Knight on Nov 20, 2021.
             Was a High Priest of Lugonu.
             Slain by a wyvern zombie (8 damage)
             ... on level 6 of the Dungeon.
             The game lasted 00:09:02 (5699 turns).

Gargoyl the Skirmisher (Gnoll Abyssal Knight)       Turns: 5699, Time: 00:09:03

Health: -4/73      AC: 12    Str: 15    XL:     9   Next: 11%
Magic:  14/14      EV:  8    Int: 10    God:    Lugonu [*****.]
Gold:   271        SH:  0    Dex: 13    Spells: 15/15 levels left

rFire   . . .      SeeInvis .   a - +3 hand axe
rCold   . . .      Faith    .   (no shield)
rNeg    . . .      Spirit   .   c - +0 chain mail
rPois   .          Reflect  .   (no helmet)
rElec   .          Harm     .   (no cloak)
rCorr   .          Rampage  .   b - +1 pair of gloves
Will    .....                   (no boots)
Stlth   ..........              e - amulet of regeneration
HPRegen 1.22/turn               (no ring)
MPRegen 0.14/turn               (no ring)

@: no status effects
A: fangs 1, strong nose, distributed training
a: Renounce Religion, Depart the Abyss, Bend Space, Banish, Corrupt, Enter the
Abyss


You were on level 6 of the Dungeon.
You worshipped Lugonu.
Lugonu was extremely pleased with you.
You visited 1 branch of the dungeon, and saw 6 of its levels.
You visited the Abyss 1 time.
You also visited: Sewer.

You collected 271 gold pieces.

Inventory:

Hand Weapons
 a - a +3 hand axe (weapon)
Missiles
 h - 28 poisoned darts (quivered)
Armour
 b - a +1 pair of gloves (worn)
 c - a +0 chain mail (worn)
Jewellery
 e - an amulet of regeneration (around neck)
Scrolls
 d - 2 scrolls of teleportation
 l - 2 scrolls of blinking
 p - a scroll of identify
Potions
 f - 3 potions of haste
 g - 2 potions of brilliance
 i - 3 potions of heal wounds
 j - 5 potions of might {unknown}
 k - a potion of curing {unknown}
 m - 2 potions of cancellation {unknown}
 n - 4 potions of mutation {unknown}
 o - a potion of degeneration {unknown}
 q - 3 potions of magic {unknown}


   Skills:
 + Level 7.7 Fighting
 + Level 3.9 Short Blades
 + Level 3.9 Long Blades
 + Level 6.1 Axes
 + Level 3.9 Maces & Flails
 + Level 3.9 Polearms
 + Level 3.9 Staves
 + Level 3.9 Slings
 + Level 3.9 Bows
 + Level 3.9 Crossbows
 + Level 3.9 Throwing
 + Level 6.1 Armour
 + Level 4.7 Dodging
 + Level 3.9 Stealth
 + Level 3.9 Shields
 + Level 3.9 Unarmed Combat
 + Level 3.9 Spellcasting
 + Level 3.2 Conjurations
 + Level 3.2 Hexes
 + Level 3.2 Summonings
 + Level 3.2 Necromancy
 + Level 3.2 Translocations
 + Level 3.2 Transmutations
 + Level 3.2 Fire Magic
 + Level 3.2 Ice Magic
 + Level 3.2 Air Magic
 + Level 3.2 Earth Magic
 + Level 3.2 Poison Magic
 + Level 6.3 Invocations
 + Level 3.9 Evocations


You had 15 spell levels left.
You didn't know any spells.
Your spell library contained the following spells:

 Spells                   Type           Power      Damage    Failure   Level
 Gell's Gravitas          Tloc           8%         N/A       98%         3
 Teleport Other           Tloc           8%         N/A       98%         3
 Vampiric Draining        Necr           8%         2d6       98%         3
 Olgreb's Toxic Radiance  Pois           8%         N/A       100%        4
 Alistair's Intoxication  Tmut/Pois      5%         N/A       100%        5
 Dispersal                Tloc           4%         N/A       100%        6
 Necromutation            Tmut/Necr      4%         N/A       100%        8


Dungeon Overview and Level Annotations

Branches:
Dungeon (6/15)              Sewer (visited)
 Temple: D:4-7

Altars:
Kikubaaqudgha
Ru
Trog
Vehumet
Zin

Shops:
D:3 [


Innate Abilities, Weirdness & Mutations

You have very sharp teeth.
Your uncanny sense of smell can sniff out nearby items.
Your experience applies equally to all skills.


Message History

You hit the wyvern zombie.
The wyvern zombie is heavily damaged.
The wyvern zombie misses you.
You hit the wyvern zombie.
The wyvern zombie is heavily damaged.
The wyvern zombie bites you! x2
You hit the wyvern zombie but do no damage.
The wyvern zombie is heavily damaged.
The wyvern zombie bites you!
You hit the wyvern zombie.
The wyvern zombie is severely damaged.
The wyvern zombie bites you!
* * * LOW HITPOINT WARNING * * *
You barely miss the wyvern zombie.
The wyvern zombie is severely damaged.
The wyvern zombie bites you.
* * * LOW HITPOINT WARNING * * *
You hit the wyvern zombie but do no damage.
The wyvern zombie is severely damaged.
The wyvern zombie bites you!
* * * LOW HITPOINT WARNING * * *
The wyvern zombie bites you but does no damage.
You hit the wyvern zombie.
The wyvern zombie is severely damaged.
The wyvern zombie closely misses you.
You hit the wyvern zombie.
The wyvern zombie is severely damaged.
The wyvern zombie barely misses you.
You hit the wyvern zombie.
The wyvern zombie is almost destroyed.
The wyvern zombie bites you but does no damage.
You barely miss the wyvern zombie.
The wyvern zombie is almost destroyed.
The wyvern zombie bites you but does no damage.
The wyvern zombie bites you.
* * * LOW HITPOINT WARNING * * *
You hit the wyvern zombie.
The wyvern zombie is almost destroyed.
The wyvern zombie bites you!
You die...

##.#
#.##.######.......#
...#
#.##...>......)####
##.#
#.####.####.#..#
#### #.# #.# #.#..#
#..# #.# #.# #.#..#
)).# #.# #.#..#
#..#
#.####.####.#...
####
#...........##.#
#########@.....#
#Z.....# .......#
##).......
#......## ..#......
....##### ##..#


You could see a wyvern zombie.

Vanquished Creatures
  Prince Ribbit (D:5)
  A sky beast (D:5)
  A black bear (D:4)
  An ogre (D:4)
  An ice beast (D:6)
  A phantom (D:5)
  A centaur (D:6)
  A kobold brigand (Sewer)
  A scorpion (D:5)
  A water moccasin zombie (D:6)
  A water moccasin skeleton (D:5)
  The ghost of MatrixGlitch the Ruffian, a weakling DrTm (D:3)
  2 bullfrog zombies (D:6)
  2 jellies
  5 centaur zombies
  4 orc priests
  A centaur skeleton (D:6)
  2 orc wizards (D:4)
  Terence (D:2)
  A killer bee zombie (D:6)
  A hound zombie (D:5)
  3 adders
  A gnoll (D:6)
  2 howler monkey skeletons (D:6)
  8 river rats
  An ufetubus (D:4)
  A worm (D:5)
  A dart slug (D:2)
  15 orcs
  15 ball pythons
  4 bats
  9 endoplasms
  4 giant cockroaches
  12 goblins
  9 hobgoblins
  23 kobolds
  3 quokkas
  3 frilled lizards
  32 rats
177 creatures vanquished.

Vanquished Creatures (others)
  An orc wizard (D:4)
  4 withered plants (D:6)
5 creatures vanquished.

Grand Total: 182 creatures vanquished

Notes
Turn   | Place    | Note
-------+----------+-------------------------------------------
     0 | Abyss:1  | Gargoyl the Gnoll Abyssal Knight began the quest for the
                  | Orb.
     0 | Abyss:1  | Reached XP level 1. HP: 23/23 MP: 3/3
    70 | Abyss:2  | Found a corrupted altar of Lugonu.
    93 | Abyss:2  | Noticed a small abomination
   101 | Abyss:2  | Noticed an iron imp
   175 | Abyss:2  | Noticed a small abomination
   179 | Abyss:2  | Noticed a small abomination
   181 | D:1      | Escaped the Abyss
   408 | D:1      | Reached * piety under Lugonu
   413 | D:1      | Reached XP level 2. HP: 23/29 MP: 5/5
   728 | D:1      | Reached XP level 3. HP: 24/35 MP: 6/6
  1465 | D:2      | Noticed Terence
  1481 | D:2      | Killed Terence
  1482 | D:2      | Reached skill level 1 in Short Blades
  1482 | D:2      | Reached skill level 1 in Long Blades
  1482 | D:2      | Reached skill level 1 in Maces & Flails
  1482 | D:2      | Reached skill level 1 in Polearms
  1482 | D:2      | Reached skill level 1 in Staves
  1482 | D:2      | Reached skill level 1 in Slings
  1482 | D:2      | Reached skill level 1 in Bows
  1482 | D:2      | Reached skill level 1 in Crossbows
  1482 | D:2      | Reached skill level 1 in Throwing
  1482 | D:2      | Reached skill level 1 in Stealth
  1482 | D:2      | Reached skill level 1 in Shields
  1482 | D:2      | Reached skill level 1 in Unarmed Combat
  1482 | D:2      | Reached skill level 1 in Spellcasting
  1482 | D:2      | Reached skill level 1 in Evocations
  1482 | D:2      | Reached XP level 4. HP: 37/41 MP: 7/7
  1496 | D:2      | Found an ancient bone altar of Kikubaaqudgha.
  1509 | D:2      | Reached ** piety under Lugonu
  1530 | D:2      | Found a faded altar of an unknown god.
  2239 | D:3      | Found Mimiezicw's Antique Armour Emporium.
  2267 | D:3      | Reached skill level 1 in Conjurations
  2267 | D:3      | Reached skill level 1 in Hexes
  2267 | D:3      | Reached skill level 1 in Summonings
  2267 | D:3      | Reached skill level 1 in Necromancy
  2267 | D:3      | Reached skill level 1 in Translocations
  2267 | D:3      | Reached skill level 1 in Transmutations
  2267 | D:3      | Reached skill level 1 in Fire Magic
  2267 | D:3      | Reached skill level 1 in Ice Magic
  2267 | D:3      | Reached skill level 1 in Air Magic
  2267 | D:3      | Reached skill level 1 in Earth Magic
  2267 | D:3      | Reached skill level 1 in Poison Magic
  2355 | D:3      | Reached XP level 5. HP: 29/47 MP: 8/8
  2558 | D:3      | Found a runed translucent door.
  2566 | D:3      | Noticed MatrixGlitch's ghost (weakling DrTm)
  2640 | D:3      | Found a large runed translucent door.
  2641 | D:3      | Found a large runed translucent door.
  2825 | D:3      | Killed MatrixGlitch's ghost
  2886 | D:3      | Found a sacrificial altar of Ru.
  2897 | D:3      | Found a bloodstained altar of Trog.
  2950 | D:4      | Noticed an ogre
  2994 | D:4      | Killed an ogre
  2995 | D:4      | Reached skill level 5 in Invocations
  2995 | D:4      | Reached XP level 6. HP: 47/53 MP: 9/9
  3099 | D:4      | Noticed a black bear
  3133 | D:4      | Killed a black bear
  3134 | D:4      | Reached skill level 5 in Axes
  3134 | D:4      | Reached skill level 5 in Armour
  3173 | D:4      | Found a glowing silver altar of Zin.
  3254 | D:4      | Found a glowing drain.
  3307 | D:4      | Reached *** piety under Lugonu
  3312 | Sewer    | Entered a sewer
  3374 | Sewer    | Reached XP level 7. HP: 59/59 MP: 10/10
  3419 | Sewer    | Reached skill level 7 in Fighting
  3577 | Sewer    | Reached **** piety under Lugonu
  4163 | D:4      | Got the Handbook of Virous Necromancy
  4565 | D:5      | Entered Level 5 of the Dungeon
  4621 | D:5      | Reached XP level 8. HP: 56/67 MP: 12/12
  4706 | D:5      | Noticed Prince Ribbit
  4762 | D:5      | Killed Prince Ribbit
  4851 | D:5      | Found a radiant altar of Vehumet.
  5566 | D:6      | Reached XP level 9. HP: 72/72 MP: 14/14
  5670 | D:6      | Reached ***** piety under Lugonu
  5694 | D:6      | HP: 3/73 [wyvern zombie (10)]
  5699 | D:6      | Slain by a wyvern zombie

Illustrated notes

Levels and vault maps discovered:
D:1:      dpeg_arrival_connections, layout_loops_ring,
          chequers_serial_rivers_micro_b, minmay_vboxes
D:2:      layout_basic, serial_glass, glass_columns_c, glass_columns_a,
          basic_ecumenical_altar, basic_altar, uniq_terence
D:3:      layout_basic, jmf_multi_god_temple2, ebering_ghost_reflecting_pool,
          serial_shops, shop, fountainhead, nicolae_figureground_pulse
D:4:      layout_basic, mainiacjoe_overflow_alcove_2, portal_sewer_entry_c
D:5:      layout_rooms, lemuel_crystal_altar, serial_park_tiny_pond,
          uniq_prince_ribbit1
D:6:      layout_loops_ring, kiku_gazebo_pond_becter, serial_undead,
          serial_undead_b, serial_undead_c, serial_undead_a, serial_undead_a,
          nrook_mini_backslash, sigmund_army

Skill      XL: |  1  2  3  4  5  6  7  8 |
---------------+-------------------------+-----
Short Blades   | 1 2 3 |  3.9
Long Blades    | 1 2 3 |  3.9
Maces & Flails | 1 2 3 |  3.9
Polearms       | 1 2 3 |  3.9
Staves         | 1 2 3 |  3.9
Slings         | 1 2 3 |  3.9
Bows           | 1 2 3 |  3.9
Crossbows      | 1 2 3 |  3.9
Throwing       | 1 2 3 |  3.9
Stealth        | 1 2 3 |  3.9
Shields        | 1 2 3 |  3.9
Unarmed Combat | 1 2 3 |  3.9
Spellcasting   | 1 2 3 |  3.9
Evocations     | 1 2 3 |  3.9
Conjurations   | 1 2 3 |  3.2
Hexes          | 1 2 3 |  3.2
Summonings     | 1 2 3 |  3.2
Necromancy     | 1 2 3 |  3.2
Translocations | 1 2 3 |  3.2
Transmutations | 1 2 3 |  3.2
Fire Magic     | 1 2 3 |  3.2
Ice Magic      | 1 2 3 |  3.2
Air Magic      | 1 2 3 |  3.2
Earth Magic    | 1 2 3 |  3.2
Poison Magic   | 1 2 3 |  3.2
Dodging        | 3 4 |  4.7
Invocations    | 5 6 |  6.3
Axes           | 5 6 |  6.1
Armour         | 5 6 |  6.1
Fighting       | 7 |  7.7

Action                   |  1- 3 |  4- 6 |  7- 9 || total
-------------------------+-------+-------+-------++-------
Melee: Hand axe          |   106 |   201 |   421 ||   728
       Bite              |     5 |    22 |    54 ||    81
       Punch             |       |     1 |     5 ||     6
Throw: Boomerang         |    21 |       |       ||    21
       Dart              |    10 |    17 |    32 ||    59
       Throwing net      |       |     3 |       ||     3
Invok: Depart the Abyss  |     1 |       |       ||     1
  Use: Scroll            |     4 |     3 |     5 ||    12
       Potion            |       |     1 |     2 ||     3
Armor: Chain mail        |    67 |   141 |   326 ||   534
Dodge: Dodged            |    31 |    76 |   202 ||   309

Table legend: (Time is in decaauts)
 A = Elapsed time spent in this place.
 B = Non-inter-level travel time spent in this place.
 C = Inter-level travel time spent in this place.
 D = Time resting spent in this place.
 E = Time spent auto-exploring this place.
 F = Levels seen in this place.
 G = Mean time per level.
                   A        B        C        D        E       F      G
               +--------+--------+--------+--------+--------+-----+--------+
         Total |   5747 |   5544 |    203 |    119 |   3694 |   9 |  638.6 |
       Dungeon |   4927 |   4724 |    203 |    119 |   3205 |   6 |  821.2 |
         Abyss |    181 |    181 |      0 |      0 |     94 |   2 |   90.5 |
         Sewer |    639 |    639 |      0 |      0 |    395 |   1 |  639.0 |
               +--------+--------+--------+--------+--------+-----+--------+

Top non-repeatable levels by time:
     D:1: 1230 daAuts
     D:4: 1004 daAuts
     D:2: 812 daAuts
     D:3: 744 daAuts
   Sewer: 639 daAuts
     D:6: 586 daAuts
     D:5: 548 daAuts
 Abyss:2: 111 daAuts
 Abyss:1: 70 daAuts
